 Dungeon Crawl Stone Soup version 0.28-a0-119-ga52ba8600a (webtiles) character file.

Game seed: 7080334879020710541

1247 Nattfarinn the Magician (level 8, -1/50 HPs)
             Began as a Djinni Venom Mage on Aug 13, 2021.
             Slain by a wyvern zombie (9 damage)
             ... on level 5 of the Dungeon.
             The game lasted 00:12:03 (7067 turns).

Nattfarinn the Magician (Djinni Venom Mage)         Turns: 7067, Time: 00:12:03

Health: -1/50      AC:  4    Str:  7    XL:     8   Next: 79%
Gold:   235        EV: 12    Int: 19    God:
                   SH:  0    Dex: 14

rFire   + + .      SeeInvis .   g - +1 whip (venom)
rCold   x . .      Faith    .   (no shield)
rNeg    . . .      Spirit   .   k - +1 robe {Will+}
rPois   ∞          Reflect  .   (no helmet)
rElec   .          Harm     .   (no cloak)
rCorr   .          Rampage  .   b - +0 pair of gloves
Will    +....                   (boots unavailable)
Stlth   ++........              (no amulet)
HPRegen 0.16/turn               (no ring)
MPRegen 0.00/turn               (no ring)

@: flying
A: sickness immunity, fire resistance 2, cold vulnerability 1, float, innate
caster, hp casting, extra vitality 1
a: no special abilities


You were on level 5 of the Dungeon.
You visited 1 branch of the dungeon, and saw 5 of its levels.

You collected 235 gold pieces.

Inventory:

Hand Weapons
 g - a +1 whip of venom (weapon)
Missiles
 e - a throwing net
Armour
 a - a +0 robe
 b - a +0 pair of gloves (worn)
 i - a +1 chain mail of fire resistance
 k - a +1 robe of willpower (worn)
Jewellery
 m - a ring of see invisible
Wands
 l - a wand of mindburst (6)
Scrolls
 c - 4 scrolls of identify
 f - a scroll of enchant weapon {unknown}
 h - a scroll of torment {unknown}
 p - a scroll of summoning
 u - a scroll of vulnerability {unknown}
Potions
 d - 5 potions of brilliance {unknown}
 j - a potion of haste {unknown}
 n - a potion of berserk rage
 o - 2 potions of heal wounds {unknown}
 q - a potion of lignification {unknown}
 r - a potion of curing {unknown}
 s - 2 potions of degeneration {unknown}
 t - a potion of resistance {unknown}
 v - a potion of mutation {unknown}


   Skills:
 * Level 6.3 Armour
 - Level 2.1 Dodging
 - Level 1.5 Stealth
 - Level 6.3 Spellcasting


You had 3 spell levels left.
You knew the following spells:

 Your Spells              Type           Power      Damage    Failure   Level
a - Sting                 Tmut/Pois      100%       1d8       1%          1
b - Poisonous Vapours     Pois/Air       60%        N/A       1%          2
c - Mephitic Cloud        Conj/Pois/Air  30%        N/A       2%          3
d - Olgreb's Toxic Radia  Pois           30%        N/A       9%          4
e - Apportation           Tloc           60%        N/A       1%          1
f - Blink                 Tloc           N/A        N/A       1%          2
g - Ozocubu's Armour      Ice            30%        N/A       2%          3
Your spell library was empty.

Dungeon Overview and Level Annotations

Branches:
Dungeon (5/15)
 Temple: D:4-7

Altars:
Elyvilon
Fedhas
Kikubaaqudgha
Ru
Uskayaw

Shops:
D:1 !


Innate Abilities, Weirdness & Mutations

You are immune to sickness and miasma.
You are immune to poison.
Your flesh is very heat resistant. (rF++)
You are vulnerable to cold. (rC-)
You float through the air rather than walking.
You learn spells naturally, not from books.
Your magical power is your life essence.
You have superior vitality. (+4 HP)


Message History

You hit the hound.
You kill the hound!
A wyvern zombie comes into view.
Found a stone staircase leading down.
A wyvern zombie is nearby!
A wyvern zombie is nearby!
A wyvern zombie is nearby!
A wyvern zombie is nearby!
The wyvern zombie bites you!
You hit the wyvern zombie but do no damage.
The wyvern zombie closely misses you.
You hit the wyvern zombie but do no damage.
The wyvern zombie barely misses you.
You barely miss the wyvern zombie. The wyvern zombie closely misses you.
The wyvern zombie bites you!
You hit the wyvern zombie.
The wyvern zombie is lightly damaged.
The wyvern zombie bites you but does no damage.
You hit the wyvern zombie but do no damage.
The wyvern zombie is lightly damaged.
The wyvern zombie bites you! x2
* * * LOW HITPOINT WARNING * * *
You are too injured to fight recklessly!
Okay, then.
Casting: Poisonous Vapours (safe; 1% risk of failure)
Confirm with . or Enter, or press ? or * to list all spells.
Okay, then.
Unknown command.
Casting: Poisonous Vapours (safe; 1% risk of failure)
Confirm with . or Enter, or press ? or * to list all spells.
You blink.
* * * LOW HITPOINT WARNING * * *
Casting: Blink (safe; 1% risk of failure)
Confirm with . or Enter, or press ? or * to list all spells.
You blink.
* * * LOW HITPOINT WARNING * * *
A wyvern zombie is nearby!
A wyvern zombie is nearby!
The wyvern zombie bites you!
You die...

#..<.....≈.#...#.≈..............
##........≈.#._.#.≈..............
..........≈.#...#.≈..............
#Z........≈.###.#.≈..............
...##.....≈.......≈..............
..###.....≈≈≈≈≈≈≈≈≈.........#....
...##......................###...
...#.......................####..
........#.....^Z@.....###...# ###
....######.............##..##
...## ##..........#####.# ....
##.#.......## ### #.##
###...#....# ## ##...#...##
#.(..#...# ###..##.## #######


You could see a wyvern zombie.

Vanquished Creatures
  Grinder (D:5)
  Prince Ribbit (D:5)
  A water moccasin (D:5)
  A black bear (D:5)
  A gnoll sergeant (D:5)
  A scorpion (D:4)
  2 hounds
  A centaur skeleton (D:5)
  An orc priest (D:3)
  2 iguanas (D:5)
  Terence (D:2)
  2 orc wizards (D:3)
  A hound skeleton (D:4)
  7 adders
  7 gnolls
  3 worms
  A dart slug (D:2)
  7 orcs (D:3)
  2 bats
  4 endoplasms
  3 giant cockroaches
  7 goblins
  3 hobgoblins
  7 jackals
  4 quokkas
  7 ball pythons
  4 frilled lizards
  5 kobolds
  6 rats
93 creatures vanquished.

Vanquished Creatures (collateral kills)
  A phantom (D:4)
  A bat (D:3)
  A goblin (D:3)
3 creatures vanquished.

Grand Total: 96 creatures vanquished

Notes
Turn   | Place    | Note
-------+----------+-------------------------------------------
     0 | D:1      | Nattfarinn the Djinni Venom Mage began the quest for the
                  | Orb.
     0 | D:1      | Reached XP level 1. HP: 15/15 MP: 0/0
    29 | D:1      | Found a faded altar of an unknown god.
   148 | D:1      | Reached XP level 2. HP: 15/21 MP: 0/0
   536 | D:1      | Found Axza's Distillery.
   843 | D:1      | Reached XP level 3. HP: 24/25 MP: 0/0
   843 | D:1      | Learned a level 1 spell: Apportation
   980 | D:2      | Noticed Terence
   992 | D:2      | Killed Terence
   993 | D:2      | Reached XP level 4. HP: 17/31 MP: 0/0
  2202 | D:2      | Reached XP level 5. HP: 22/35 MP: 0/0
  2202 | D:2      | Learned a level 2 spell: Blink
  3208 | D:3      | Reached XP level 6. HP: 10/40 MP: 0/0
  3209 | D:3      | Reached skill level 5 in Spellcasting
  3226 | D:3      | Found a sacrificial altar of Ru.
  3226 | D:3      | Found a white marble altar of Elyvilon.
  4462 | D:4      | Reached XP level 7. HP: 39/45 MP: 0/0
  4462 | D:4      | Learned a level 3 spell: Ozocubu's Armour
  4600 | D:4      | Found a hide-covered altar of Uskayaw.
  5146 | D:4      | Found a blossoming altar of Fedhas.
  5594 | D:5      | Entered Level 5 of the Dungeon
  5741 | D:5      | Reached skill level 1 in Armour
  6070 | D:5      | Noticed a water moccasin
  6095 | D:5      | Killed a water moccasin
  6096 | D:5      | Reached XP level 8. HP: 14/50 MP: 0/0
  6592 | D:5      | Noticed Grinder
  6694 | D:5      | Killed Grinder
  6695 | D:5      | Reached skill level 5 in Armour
  6818 | D:5      | Noticed Prince Ribbit
  6839 | D:5      | Killed Prince Ribbit
  7067 | D:5      | Slain by a wyvern zombie

Illustrated notes

Levels and vault maps discovered:
D:1:      minmay_arrival_four_loops, layout_basic,
          ebering_ecumenical_altar_mist, serial_shops, nicolae_shop_waterfront,
          minmay_circled_x
D:2:      layout_basic, uniq_terence
D:3:      layout_basic, gammafunk_temple_overflow_elements,
          cheibrodos_sewer_entry_bend
D:4:      cheibrodos_helix_gallery, layout_loops_corners,
          eat_drink_and_be_merry_uskayaw, mainiacjoe_overflow_alcove_1
D:5:      layout_cave_pools, mainiacjoe_overflow_brackets, nrook_pool_corridor,
          uniq_grinder, uniq_prince_ribbit1

Skill      XL: |  1  2  3  4  5  6  7  8 |
---------------+-------------------------+-----
Spellcasting   | 3 4 5 6 |  6.3
Armour         | 3 6 |  6.3
Dodging        | |  2.1
Stealth        | |  1.5

Action                   |  1- 3 |  4- 6 |  7- 9 || total
-------------------------+-------+-------+-------++-------
Melee: Unarmed           |       |     6 |       ||     6
       Whip              |       |    24 |    93 ||   117
 Cast: Sting             |    32 |    66 |       ||    98
       Poisonous Vapours |     6 |    14 |     9 ||    29
       Olgreb's Toxic Ra |       |    11 |     7 ||    18
       Ozocubu's Armour  |       |       |     6 ||     6
       Blink             |       |       |     3 ||     3
  Use: Scroll            |       |     4 |     1 ||     5
       Potion            |       |       |     1 ||     1
 Stab: Sleeping          |       |     2 |       ||     2
Armor: Robe              |     3 |    20 |    31 ||    54
Dodge: Dodged            |     7 |    36 |    61 ||   104

Table legend: (Time is in decaauts)
 A = Elapsed time spent in this place.
 B = Non-inter-level travel time spent in this place.
 C = Inter-level travel time spent in this place.
 D = Time resting spent in this place.
 E = Time spent auto-exploring this place.
 F = Levels seen in this place.
 G = Mean time per level.
                   A        B        C        D        E       F      G
               +--------+--------+--------+--------+--------+-----+--------+
         Total |   7080 |   6852 |    228 |    562 |   5338 |   5 | 1416.0 |
       Dungeon |   7080 |   6852 |    228 |    562 |   5338 |   5 | 1416.0 |
               +--------+--------+--------+--------+--------+-----+--------+

Top non-repeatable levels by time:
     D:3: 1843 daAuts
     D:4: 1699 daAuts
     D:2: 1630 daAuts
     D:5: 969 daAuts
     D:1: 937 daAuts
